 Dungeon Sprint DCSS version 0.21-a0-52-gbf49515 (webtiles) character file.

1961 Kidiri the Grappler (level 9, -1/100 HPs)
             Began as a Troll Berserker on June 13, 2017.
             Was a High Priest of Trog.
             Splashed by an oklob plant's acid (11 damage)
             ... in the Dungeon (Sprint IX: "|||||||||||||||||||||||||||||").
             The game lasted 00:03:27 (396 turns).

Kidiri the Grappler (Troll Berserker)                Turns: 396, Time: 00:03:28

Health: -1/100     AC: -2    Str: 29    XL:     9   Next: 0%
Magic:  8/8        EV: 18    Int:  3    God:    Trog [*****.]
Gold:   0          SH:  0    Dex: 12    Spells: 8/8 levels left

rFire    . . .     SeeInvis .     - Unarmed
rCold    . . .     Gourm    +   (no shield)
rNeg     . . .     Faith    .   a - +2 animal skin
rPois    .         Spirit   .   (helmet restricted)
rElec    .         Reflect  .   (no cloak)
rCorr    .         Harm     .   (gloves unavailable)
MR       .....     NoTele   +   (boots unavailable)
Stlth    +.........             (no amulet)
Regen    0.7/turn               m - +2 ring of protection
MPRegen  0.2/turn               n - +2 ring of evasion

@: corroded, berserk cooldown, slowed, very slow
A: unfitting armour, claws 3, repulsion field 1, agile 1, fast metabolism 3,
gourmand, regeneration 1, shaggy fur 1, tough skin 2
a: Berserk, Trog's Hand, Brothers in Arms, Burn Spellbooks, Renounce Religion


You were in the Dungeon.
You worshipped Trog.
Trog was extremely pleased with you.
You were full.

You visited 1 branch

Inventory:

Missiles
 p - 6 javelins (quivered)
Armour
 a - a +2 animal skin (worn)
Jewellery
 m - a +2 ring of protection (left claw)
 n - a +2 ring of evasion (right claw)
Wands
 l - a wand of iceblast (7/15)
Scrolls
 h - 2 scrolls of blinking
 k - 5 scrolls of remove curse
 q - 2 scrolls of recharging
Potions
 c - 6 potions of curing
 d - 7 potions of heal wounds
 e - a potion of haste
 f - 4 potions of magic
 g - a potion of berserk rage
 j - a potion of invisibility
Comestibles
 b - 2 bread rations
 i - 5 chunks of flesh


   Skills:
 * Level 9.5 Fighting
 + Level 2.7 Throwing
 + Level 6.2 Armour
 * Level 9.4 Dodging
 * Level 11.0 Unarmed Combat


You had 8 spell levels left.
You didn't know any spells.

Dungeon Overview and Level Annotations

Branches:
Dungeon (1/1)

Altars:
Cheibriados
Dithmenos
Elyvilon
Fedhas
Gozag
Hepliaklqana
Kikubaaqudgha
Makhleb
Nemelex Xobeh
Okawaru
Qazlal
Ru
Sif Muna
Trog
Uskayaw
Vehumet
Wu Jian
Xom
Yredelemnul
Zin
The Shining One
Beogh
Jiyva
Lugonu

Annotations:
D exclusion: oklob plant


Innate Abilities, Weirdness & Mutations

You are too large for most types of armour.
You have claws for hands.
Your metabolism is lightning-fast.
You like to eat raw meat.
Your natural rate of healing is unusually fast.
You are covered in fur. (AC +1)
You have very tough skin. (AC +2)
You are surrounded by a mild repulsion field. (EV +2)
You are agile. (Dex +2)


Message History

You throw a steel javelin.
The steel javelin hits the oklob plant but does no damage.
The oklob plant is severely damaged.
The oklob plant spits acid at you. The splash of acid hits you!
You are splashed with acid!
The acid burns!
Throwing (i - inventory):
p - 7 javelins (quivered)
Press: ? - help, Shift-Dir - straight line, f/p - oklob plant
Aim: an oklob plant (severely damaged)
You throw a javelin.
The javelin hits the oklob plant but does no damage.
The oklob plant is severely damaged.
The oklob plant spits acid at you. The splash of acid hits you!
The acid corrodes you!
You are splashed with acid!
The acid burns!
* * * LOW HITPOINT WARNING * * *
The oklob plant spits acid at you. The splash of acid hits you!
* * * LOW HITPOINT WARNING * * *
You are splashed with acid!
The acid burns!
You die...

▓.▓.▓.▓
▓)▓.▓.▓
▓(▓.▓.▓
▓.▓.▓'▓
▓.▓.▓_▓
▓.▓.▓_▓
▓.▓.▓_▓
▓)▓.▓_▓
▓@▓.▓_▓
▓†▓.▓_▓
▓.▓.▓_▓
▓.▓.▓_▓
▓.▓.▓_▓
▓.▓.▓_▓
▓.▓.▓_▓
▓P▓.▓_▓
▓l▓.▓_▓


You could see an oklob plant.

Vanquished Creatures
  A black mamba (shapeshifter) (D)
  A spiny frog (D)
  A hippogriff (D)
  A yak (D)
  A wyvern (D)
  A basilisk (D)
  A porcupine (D)
  An orc warrior (D)
  An ogre (D)
  A sky beast (D)
  A crocodile (D)
  3 bullfrogs (D)
  A hound (D)
  A gnoll shaman (D)
  An adder (D)
  An adder skeleton (D)
  A leopard gecko (D)
  2 orcs (D)
  A bat skeleton (D)
  A giant cockroach (D)
  2 hobgoblins (D)
  A bat (D)
  A kobold (D)
  A quokka zombie (D)
28 creatures vanquished.

Notes
Turn   | Place    | Note
-------+----------+-------------------------------------------
     0 | D        | Kidiri the Troll Berserker began the quest for the Orb.
     0 | D        | Reached XP level 1. HP: 22/22 MP: 0/0
    14 | D        | Reached ** piety under Trog
    28 | D        | Noticed a hound
    28 | D        | Noticed a gnoll shaman
    32 | D        | Killed a hound
    32 | D        | Reached skill level 1 in Armour
    32 | D        | Reached skill level 4 in Unarmed Combat
    32 | D        | Reached XP level 2. HP: 32/32 MP: 1/1
    32 | D        | Reached XP level 3. HP: 39/39 MP: 2/2
    33 | D        | Reached *** piety under Trog
    33 | D        | Reached skill level 5 in Unarmed Combat
    35 | D        | Reached XP level 4. HP: 49/49 MP: 3/3
    57 | D        | Found a roughly hewn altar of Beogh.
    57 | D        | Found a snail-covered altar of Cheibriados.
    57 | D        | Found a shadowy altar of Dithmenos.
    57 | D        | Found a white marble altar of Elyvilon.
    57 | D        | Found a blossoming altar of Fedhas.
    57 | D        | Found an opulent altar of Gozag.
    58 | D        | Found a hazy altar of Hepliaklqana.
    59 | D        | Found a viscous altar of Jiyva.
    60 | D        | Found an ancient bone altar of Kikubaaqudgha.
    61 | D        | Found a corrupted altar of Lugonu.
    62 | D        | Found a burning altar of Makhleb.
    63 | D        | Found a sparkling altar of Nemelex Xobeh.
    64 | D        | Found an iron altar of Okawaru.
    65 | D        | Found a stormy altar of Qazlal.
    66 | D        | Found a sacrificial altar of Ru.
    67 | D        | Found a deep blue altar of Sif Muna.
    68 | D        | Found a bloodstained altar of Trog.
    69 | D        | Found a hide-covered altar of Uskayaw.
    70 | D        | Found a radiant altar of Vehumet.
    71 | D        | Found an ornate altar of the Wu Jian Council.
    72 | D        | Found a shimmering altar of Xom.
    73 | D        | Found a basalt altar of Yredelemnul.
    74 | D        | Found a glowing silver altar of Zin.
    75 | D        | Found a glowing golden altar of the Shining One.
   117 | D        | Noticed an orc warrior
   117 | D        | Noticed a bullfrog
   117 | D        | Noticed a sky beast
   121 | D        | Reached **** piety under Trog
   128 | D        | Killed an orc warrior
   128 | D        | Reached skill level 5 in Fighting
   128 | D        | Reached skill level 5 in Dodging
   128 | D        | Reached skill level 6 in Unarmed Combat
   128 | D        | Reached XP level 5. HP: 57/57 MP: 4/4
   135 | D        | Reached skill level 7 in Unarmed Combat
   148 | D        | Killed a sky beast
   148 | D        | Reached XP level 6. HP: 29/68 MP: 5/5
   205 | D        | Noticed a basilisk
   205 | D        | Noticed an orb spider
   205 | D        | Noticed a yak
   217 | D        | Noticed a queen bee
   224 | D        | Noticed a black mamba
   224 | D        | a queen bee changed into a black mamba
   226 | D        | Killed a basilisk
   226 | D        | Received a gift from Trog
   226 | D        | Reached skill level 8 in Unarmed Combat
   228 | D        | Reached ***** piety under Trog
   228 | D        | Reached XP level 7. HP: 78/78 MP: 6/6
   230 | D        | Killed a black mamba
   230 | D        | Reached skill level 5 in Armour
   230 | D        | Reached skill level 9 in Unarmed Combat
   235 | D        | Killed a yak
   241 | D        | Reached skill level 10 in Unarmed Combat
   241 | D        | Reached XP level 8. HP: 89/89 MP: 7/7
   343 | D        | Gained mutation: You heal very quickly. [potion of mutation]
   343 | D        | Gained mutation: You are partially covered in large bone plates. (SH +4) [potion of mutation]
   348 | D        | Lost mutation: You are partially covered in large bone plates. (SH +4) [potion of mutation]
   348 | D        | Lost mutation: You heal very quickly. [potion of mutation]
   348 | D        | Gained mutation: You are surrounded by a mild repulsion field. (EV +2) [potion of mutation]
   348 | D        | Gained mutation: You are agile. (Dex +2) [potion of mutation]
   367 | D        | Noticed a spiny frog
   367 | D        | Noticed a hippogriff
   370 | D        | Received a gift from Trog
   370 | D        | Reached skill level 1 in Throwing
   374 | D        | Killed a spiny frog
   379 | D        | Noticed an oklob plant
   389 | D        | Killed a hippogriff
   389 | D        | Reached skill level 11 in Unarmed Combat
   389 | D        | Reached XP level 9. HP: 97/100 MP: 8/8
   396 | D        | Splashed by an oklob plant's acid

Vault maps used:
D:        linesprint

Skill      XL: |  1  2  3  4  5  6  7  8 |
---------------+-------------------------+-----
Fighting       | 3 4 5 6 7 8 9 |  9.5
Armour         | 1 2 3 4 5 6 |  6.2
Dodging        | 3 4 5 6 7 8 9 |  9.4
Unarmed Combat | 4 5 6 7 8 10 11 | 11.0
Throwing       | 2 |  2.7

Action                   |  1- 3 |  4- 6 |  7- 9 || total
-------------------------+-------+-------+-------++-------
Melee: Unarmed           |    19 |    38 |    28 ||    85
       Punch             |       |     2 |     2 ||     4
Throw: Javelin           |       |       |     5 ||     5
Invok: Berserk           |     1 |     2 |     1 ||     4
       Trog's Hand       |       |     1 |       ||     1
  Use: Scroll            |       |       |     2 ||     2
       Potion            |       |       |     2 ||     2
  Eat: Chunk             |       |     9 |       ||     9
Armor: Animal skin       |     7 |     7 |     6 ||    20
Dodge: Dodged            |     6 |    14 |    22 ||    42
